 Dungeon Crawl Stone Soup version 0.24.0-1-gfbc8707 (webtiles) character file.

Game seed: 16563856676756991816, levelgen mode: deterministic

292684 Illumine the Omniscient (level 20, -7/157 HPs)
             Began as a Gnoll Conjurer on Nov 17, 2019.
             Was the Champion of Ashenzari.
             Mangled by a tengu reaver
             ... wielding a +0 great mace
              (16 damage)
             ... on level 5 of the Vaults on Nov 19, 2019.
             The game lasted 05:37:36 (76712 turns).

Illumine the Omniscient (Gnoll Conjurer)           Turns: 76712, Time: 05:37:37

Health: -7/157     AC: 10    Str: 13    XL:     20   Next: 81%
Magic:  27/38      EV: 23    Int: 31    God:    Ashenzari [******]
Gold:   1898       SH: 17    Dex: 16    Spells: 1/47 levels left

rFire    + + .     SeeInvis +   a - +11 long sword of the Establishment {slice, rN+ MR+}
rCold    + + .     Gourm    .   f - +3 shield {reflect} (curse)
rNeg     + . .     Faith    .   Z - +2 robe {Archmagi} (curse)
rPois    +         Spirit   .   (helmet restricted)
rElec    .         Reflect  +   V - scarf {rC+ rF+}
rCorr    .         Harm     .   A - +2 pair of gloves
MR       ++...     Clarity  +   K - +0 pair of boots {Stlth+}
Stlth    +++++++...             e - amulet of the acrobat (curse)
HPRegen  0.36/turn              z - ring of Hepatt {rPois rF+ rC+ Int+3} (curse)
MPRegen  0.26/turn              y - +4 ring of intelligence (curse)

@: about to teleport, slightly contaminated, invisible
A: distributed training, antennae 1, fangs 1, subdued magic 1, strong nose
}: 2/15 runes: decaying, gossamer
a: Curse Item, Scrying, Renounce Religion


You were on level 5 of the Vaults.
You worshipped Ashenzari.
Ashenzari was exalted by your worship.
You were not hungry.

You visited 8 branches of the dungeon, and saw 40 of its levels.
You also visited: Ice Cave.

You collected 5223 gold pieces.
You spent 3325 gold pieces at shops.

Inventory:

Hand Weapons
 a - the +11 long sword of the Establishment (weapon) {slice, rN+ MR+}
   (You found it on level 6 of the Lair of Beasts)

   It inflicts extra damage upon your enemies.
   It protects you from negative energy.
   It affects your resistance to hostile enchantments.
Missiles
 U - 6 throwing nets (quivered)
Armour
 f - a cursed +3 shield of reflection (worn)
 o - a +2 helmet
 A - a +2 pair of gloves (worn)
 K - a +0 pair of boots of stealth (worn)
 V - a scarf of resistance (worn)
 Z - a cursed +2 robe of the Archmagi (worn)
Magical Staves
 b - an uncursed staff of wizardry
Jewellery
 e - a cursed amulet of the acrobat (around neck)
 m - a +3 ring of evasion
 s - an uncursed ring of protection from magic
 y - a cursed +4 ring of intelligence (right hand)
 z - the cursed ring of Hepatt (left hand) {rPois rF+ rC+ Int+3}
   (You bought it in a shop on level 2 of the Orcish Mines)

   [ring of protection from fire]

   It affects your intelligence (+3).
   It protects you from fire.
   It protects you from cold.
   It protects you from poison.
   It has a curse placed upon it.
 B - an uncursed ring of positive energy
 D - an uncursed ring of protection from cold
 O - an uncursed ring of magical power
Wands
 g - a wand of polymorph (10)
 h - a wand of digging (5)
 i - a wand of clouds (7)
 w - a wand of disintegration (26)
 E - a wand of paralysis (6)
 J - a wand of acid (6)
 R - a wand of iceblast (62)
Scrolls
 d - 2 scrolls of fog
 n - 8 scrolls of teleportation
 p - 2 scrolls of remove curse
 r - 8 scrolls of immolation
 u - 3 scrolls of identify
 x - 9 scrolls of magic mapping
 H - 2 scrolls of holy word
 I - 6 scrolls of summoning
 P - 7 scrolls of fear
 W - 5 scrolls of blinking
Potions
 j - a potion of magic
 k - 4 potions of mutation
 l - 12 potions of curing
 q - 5 potions of flight
 t - 2 potions of ambrosia
 v - 2 potions of invisibility
 Q - 3 potions of haste
 S - 3 potions of agility
 T - 4 potions of brilliance
 Y - 5 potions of resistance
Miscellaneous
 C - a lightning rod (4/4)
 F - a fan of gales
Comestibles
 c - 30 rations
 G - a chunk of flesh


   Skills:
 + Level 13.4 Fighting
 + Level 13.4 Short Blades
 + Level 13.4 Long Blades
 + Level 13.4 Axes
 + Level 13.4 Maces & Flails
 + Level 13.4 Polearms
 + Level 13.4 Staves
 + Level 13.4 Slings
 + Level 13.4 Bows
 + Level 13.4 Crossbows
 + Level 13.4 Throwing
 + Level 13.4 Armour
 + Level 14.0 Dodging
 + Level 13.9 Stealth
 + Level 13.4(16.0) Shields
 + Level 13.4 Unarmed Combat
 + Level 14.1 Spellcasting
 + Level 13.2(17.3) Conjurations
 + Level 11.5(15.7) Hexes
 + Level 11.5(15.7) Charms
 + Level 11.5(15.7) Summonings
 + Level 11.5(15.7) Necromancy
 + Level 11.5(15.7) Translocations
 + Level 11.5(15.7) Transmutations
 + Level 11.5(15.7) Fire Magic
 + Level 11.5(15.7) Ice Magic
 + Level 11.5(15.7) Air Magic
 + Level 11.5(15.7) Earth Magic
 + Level 11.5(15.7) Poison Magic
 + Level 14.4 Invocations
 + Level 13.4(17.5) Evocations


You had one spell level left.
You knew the following spells:

 Your Spells              Type           Power        Failure   Level  Hunger
a - Magic Dart            Conj           ####         0%          1    None
b - Searing Ray           Conj           ######       0%          2    None
c - Discord               Hex            #######...   19%         8    ######.
d - Iskenderun's Mystic   Conj           #######.     0%          4    None
e - Call Imp              Summ           #######.     0%          2    None
f - Conjure Flame         Conj/Fire      #######.     0%          3    None
g - Mephitic Cloud        Conj/Pois/Air  #######.     0%          3    None
h - Blink                 Tloc           N/A          0%          2    None
i - Summon Lightning Spi  Summ/Air       #######.     0%          4    None
j - Freezing Cloud        Conj/Ice/Air   #######...   1%          6    ###....
k - Invisibility          Hex            #######.     1%          6    ###....
m - Lee's Rapid Deconstr  Erth           #######...   1%          5    None

Your spell library contained the following spells:

 Spells                   Type           Power        Failure   Level  Hunger
 Animate Skeleton         Necr           N/A          0%          1    None
 Confusing Touch          Hex            ######       0%          1    None
 Corona                   Hex            #######      0%          1    None
 Flame Tongue             Conj/Fire      #####        0%          1    None
 Pain                     Necr           ####         0%          1    None
 Sandblast                Erth           ######       0%          1    None
 Sting                    Conj/Pois      ####         0%          1    None
 Summon Butterflies       Summ           #######.     0%          1    None
 Summon Small Mammal      Summ           ####         0%          1    None
 Ensorcelled Hibernation  Hex/Ice        ######       0%          2    None
 Passwall                 Tmut/Erth      #######.     0%          2    None
 Poisonous Vapours        Pois/Air       ######       0%          2    None
 Slow                     Hex            #######.     0%          2    None
 Swiftness                Chrm/Air       #######.     0%          2    None
 Throw Flame              Conj/Fire      ######       0%          2    None
 Call Canine Familiar     Summ           #######.     0%          3    None
 Confuse                  Hex            #######.     0%          3    None
 Dazzling Spray           Conj/Hex       ######       0%          3    None
 Gell's Gravitas          Tloc           #######...   0%          3    None
 Inner Flame              Hex/Fire       #######.     0%          3    None
 Regeneration             Chrm/Necr      #######...   0%          3    None
 Stone Arrow              Conj/Erth      ######       0%          3    None
 Summon Guardian Golem    Hex/Summ       #######.     0%          3    None
 Tukima's Dance           Hex            #######.     0%          3    None
 Vampiric Draining        Necr           #######...   0%          3    None
 Animate Dead             Necr           N/A          0%          4    None
 Cause Fear               Hex            #######...   0%          4    None
 Force Lance              Conj/Tloc      #######.     0%          4    None
 Fulminant Prism          Conj/Hex       #######...   0%          4    None
 Ice Form                 Ice/Tmut       #######.     0%          4    None
 Olgreb's Toxic Radiance  Pois           #######.     0%          4    None
 Passage of Golubria      Tloc           N/A          0%          4    None
 Petrify                  Tmut/Erth      #######.     0%          4    None
 Sticky Flame             Conj/Fire      #######.     0%          4    None
 Summon Ice Beast         Ice/Summ       #######.     0%          4    None
 Aura of Abjuration       Summ           #######...   1%          5    None
 Dispel Undead            Necr           #######.     1%          5    None
 Fireball                 Conj/Fire      #######...   1%          5    None
 Metabolic Englaciation   Hex/Ice        #######...   1%          5    None
 Silence                  Hex/Air        #######...   1%          5    None
 Summon Demon             Summ           #######...   1%          5    None
 Summon Mana Viper        Hex/Summ       #######.     1%          5    None
 Venom Bolt               Conj/Pois      #######...   1%          5    None
 Yara's Violent Unravell  Hex/Tmut       #######...   1%          5    None
 Bolt of Cold             Conj/Ice       #######...   1%          6    ###....
 Conjure Ball Lightning   Conj/Air       #######...   1%          6    ###....
 Darkness                 Hex            #######...   1%          6    ###....
 Deflect Missiles         Chrm/Air       #######...   1%          6    ###....
 Dispersal                Tloc           #######...   1%          6    ###....
 Ozocubu's Refrigeration  Ice            #######...   1%          6    ###....
 Shadow Creatures         Summ           N/A          1%          6    ###....
 Simulacrum               Ice/Necr       #######...   1%          6    ###....
 Tornado                  Air            #######...   97%         9    #######


Dungeon Overview and Level Annotations

Branches:
Dungeon (15/15)            Temple (1/1) D:5            Lair (6/6) D:11
  Swamp (4/4) Lair:2       Spider (4/4) Lair:4        Slime (0/5) Lair:6
    Orc (2/2) D:9             Elf (3/3) Orc:2        Vaults (5/5) D:14
  Crypt (0/3) Vaults:2     Depths (0/5) D:15          IceCv (visited)

Altars:
Ashenzari
Cheibriados
Dithmenos
Elyvilon
Fedhas
Gozag
Hepliaklqana
Kikubaaqudgha
Makhleb
Nemelex Xobeh
Okawaru
Qazlal
Ru
Sif Muna
Trog
Uskayaw
Vehumet
Wu Jian
Xom
Yredelemnul
Zin
The Shining One
Beogh
Jiyva

Shops:
D:7 =   D:9 [   D:13 *   Orc:2 [*(=   Elf:1 !   Elf:3 (   Vaults:2 %
Vaults:4 :

Portals:
Trove: Vaults:1 (give +6 fire dragon scales)

Annotations:
D:15 3 runed translucent doors, Muggiqadd's ghost, journeyman SpEn
Lair:6 1 runed translucent door
Swamp:4 Lernaean hydra
Spider:3 2 transporters, endersaim's ghost, adept MfSk
Elf:2 3 runed translucent doors
Vaults:2 1 runed translucent door, DizzySkin's ghost, veteran MiBe; Frederick; Sojobo


Innate Abilities, Weirdness & Mutations

Your experience applies equally to all skills.
You have very sharp teeth.
Your uncanny sense of smell can sniff out nearby items.
You have a pair of small antennae on your head.
Your spells are a little easier to cast, but a little less powerful.


Message History

You feel strangely unstable.
The vault guard shouts!
You hear a shout!
The stone giant is engulfed in freezing vapours.
You hear a shout!
Casting: Summon Lightning Spire (safe; 0% risk of failure)
Confirm with . or Enter, or press ? or * to list all spells.
Okay, then.
Casting: Summon Lightning Spire (safe; 0% risk of failure)
Confirm with . or Enter, or press ? or * to list all spells.
Aiming: Invisibility (safe; 1% risk of failure)
Press: ? - help, Shift-Dir - straight line, f - you You feel a surge of power!
You fade into invisibility!
You are lightly contaminated with residual magic.
The storm dragon is engulfed in freezing vapours.
The vault guard hits you with a +0 dire flail!!
* * * LOW HITPOINT WARNING * * *
You block the phantasmal warrior's attack.
The tengu reaver hits you with a +0 great mace!
You die...

, *, , *#...
,##....###$$∆*, , ,,
, +.....
∆*#{{(..'$$$∆ , , ,
* ,, #....#
*##{...###$$∆ ,**
*....§###{{{..## ∆∆*
, , * *
....§D§.{{{...# * ∆
, , , *
,.{##§p.##{......***
,,** * ,,,
*##C####{..##..**, ,
* , * ##Q## ##.##* C
*,,,, ,, *,* ** *
*#$p@# {#* {* ,,, ,
,, * * #$$W$$# *..*
{** ,, , * , *
#$$$$$$$# *{{,, * ,
, * *#$$$*$$$$$# * ,
, ,** **###########*
* ,,, , ,, , ,,,,,,,
,,, , ,, , , ,, ,, ,
,,, ,,,,, * ** ** *
** * * * *


You could see a storm dragon (wandering), a stone giant, a vault warden, a tengu
reaver, a vault guard, a phantasmal warrior and a battlesphere.

Vanquished Creatures
  Arachne (Spider:3)
  A deep elf blademaster (Elf:3)
  2 deep elf master archers (Elf:3)
  3 sphinxes
  A thorn hunter (Swamp:4)
  A tengu reaver (Vaults:4)
  3 ghost moths
  A frost giant (Vaults:3)
  4 vault wardens
  4 emperor scorpions
  An orc warlord (Orc:2)
  A ghost moth (shapeshifter) (Vaults:2)
  6 ironheart preservers
  A deep elf demonologist (Vaults:3)
  2 entropy weavers
  4 spark wasps
  3 deep elf annihilators
  A green death (Swamp:4)
  2 fire dragons (Vaults:1)
  An ettin (Vaults:5)
  2 crystal guardians (D:13)
  2 yaktaur captains
  An ogre mage (Vaults:4)
  The ghost of EDimP the Nimble, a journeyman SpFi of Dithmenos (Lair:6)
  A rakshasa (Vaults:3)
  The ghost of Illumine the Blocker, a journeyman GnFi of Okawaru (Lair:1)
  18 vault guards
  9 hydras
  A shambling mangrove (Swamp:3)
  An ice dragon (Vaults:3)
  A centaur warrior (D:15)
  A catoblepas (Lair:4)
  2 alligators (Swamp:4)
  2 deep troll shamans
  A ghost crab (Swamp:2)
  4 two-headed ogres (D:15)
  2 death knights
  A tengu warrior (D:13)
  17 dancing weapons
  2 deep troll earth magi
  An orc high priest (Orc:2)
  A fire crab (Lair:3)
  5 spriggans (Lair:6)
  8 deep elf knights
  3 hell knights (Vaults:4)
  3 deep trolls
  A spriggan druid (Swamp:4)
  An unseen horror (shapeshifter) (Vaults:4)
  3 unseen horrors
  2 harpies (Vaults:2)
  A harpy (shapeshifter) (Vaults:4)
  2 wizards (Vaults:3)
  4 swamp dragons (Swamp:4)
  3 ironbrand convokers
  An orange crystal statue (D:13)
  7 deep elf archers
  A necromancer (Vaults:4)
  A wolf spider zombie (D:15)
  11 orc knights
  2 wolf spiders (shapeshifter)
  A phantasmal warrior (Vaults:2)
  2 cyclopes (Vaults:1)
  20 deep elf magi
  A sphinx zombie (Vaults:2)
  4 orb spiders
  7 wolf spiders
  10 ugly things
  2 orc sorcerers
  2 elephants (Lair:6)
  A naga mage (D:15)
  A black mamba (shapeshifter) (Vaults:1)
  4 vault sentinels (Vaults:3)
  8 spiny frogs
  A torpor snail (Swamp:1)
  An orange demon (Swamp:4)
  A gargoyle (D:11)
  A yaktaur zombie (Vaults:2)
  6 demonic crawlers
  A rime drake (Lair:2)
  A komodo dragon (Lair:1)
  A human skeleton (Vaults:1)
  A freezing wraith (Vaults:3)
  19 yaktaurs
  A meliai (D:15)
  A komodo dragon (shapeshifter) (Vaults:3)
  A queen bee (Spider:1)
  A troll (D:10)
  11 jumping spiders
  6 polar bears
  A bog body (Swamp:4)
  A tengu conjurer (D:14)
  6 tyrant leeches
  3 blink frogs
  12 hornets
  A dream sheep (Lair:4)
  9 hippogriffs
  8 slime creatures
  A vampire (D:9)
  A wraith (Vaults:2)
  6 water elementals
  17 tarantellas
  3 wyverns
  29 redbacks
  18 yaks
  7 fire elementals
  A hungry ghost (D:9)
  10 vampire mosquitoes
  Menkaure (D:7)
  2 basilisks (Lair:6)
  14 insubstantial wisps
  A spectral spiny frog (Lair:2)
  2 yaktaur simulacra
  5 swamp worms
  A soldier ant (D:10)
  2 acid dragons
  6 water moccasins
  9 porcupines
  A swamp drake (Swamp:3)
  16 orc warriors
  4 sky beasts
  A hornet zombie (D:8)
  An ice beast (D:10)
  A black bear (shapeshifter) (D:15)
  2 black bears
  A small abomination (Swamp:4)
  13 ogres
  10 wolves
  6 boggarts
  3 necrophages (D:10)
  11 centaurs
  4 crocodiles
  3 big kobolds
  A bullfrog (shapeshifter) (D:13)
  12 bullfrogs
  3 earth elementals
  A wyvern zombie (D:11)
  A scorpion (D:6)
  10 killer bees
  6 wights
  3 electric eels
  4 howler monkeys
  4 crimson imps
  2 bullfrog zombies
  3 centaur zombies
  8 hounds
  6 centaur skeletons
  A jelly (D:9)
  10 orc priests
  A bullfrog skeleton (D:10)
  3 iguanas
  Natasha (thrice) (D:3)
  15 orc wizards
  4 worker ants
  A worker ant zombie (D:11)
  Robin (D:2)
  A howler monkey skeleton (D:11)
  8 adders
  5 shadow imps
  2 oozes
  An adder skeleton (D:5)
  5 worms
  2 dart slugs
  5 leopard geckos
  58 orcs
  6 giant cockroaches
  10 goblins
  6 hobgoblins
  8 jackals
  3 quokkas
  8 bats
  3 frilled lizards
  A jackal zombie (D:9)
  19 kobolds
  2 quokka skeletons (D:4)
  6 rats
  A plant (Lair:6)
808 creatures vanquished.

Vanquished Creatures (collateral kills)
  Rupert (Orc:2)
  A quicksilver dragon (Vaults:5)
  A titan (Vaults:5)
  A sphinx (Vaults:3)
  Agnes (Spider:2)
  A shadow dragon (Vaults:4)
  Donald (Swamp:4)
  2 frost giants
  6 vault wardens
  6 deep elf sorcerers (Elf:3)
  2 emperor scorpions
  3 deep elf elementalists
  Aizul (Elf:3)
  3 stone giants
  2 ironheart preservers
  A war gargoyle (Vaults:5)
  3 very ugly things
  An entropy weaver (Spider:1)
  6 deep elf demonologists (Elf:3)
  Azrael (Spider:3)
  Nessos (Orc:2)
  6 deep elf annihilators
  A fire dragon (Vaults:2)
  2 deep elf death magi
  2 great orbs of eyes
  A yaktaur captain (Vaults:3)
  3 deep elf high priests (Elf:3)
  14 vault guards
  2 rakshasas
  The ghost of Illumine the Blocker, a journeyman GnFi of Okawaru (Lair:2)
  An ice dragon (Vaults:5)
  Harold (D:11)
  A shambling mangrove (Swamp:3)
  5 centaur warriors
  13 hydras
  3 ogre magi
  6 alligators
  2 orc high priests (Orc:2)
  19 two-headed ogres
  3 tengu warriors
  10 deep elf knights
  2 hell knights (Vaults:4)
  Sonja (D:11)
  A skeletal warrior (Vaults:4)
  8 swamp dragons
  5 wizards
  A spectral hydra (Lair:2)
  A spriggan druid (Swamp:3)
  7 ironbrand convokers
  3 harpies (Vaults:2)
  3 deep trolls
  4 deep elf archers
  3 necromancers
  4 orc knights
  42 deep elf magi
  14 ugly things
  2 phantasmal warriors (Vaults:5)
  11 orb spiders
  3 oklob plants (Lair:2)
  4 orc sorcerers
  24 wolf spiders
  5 cyclopes
  7 moths of wrath
  A manticore (D:10)
  3 black mambas
  2 torpor snails
  2 centaur zombies
  A naga mage (D:15)
  4 vault sentinels
  A black mamba (shapeshifter) (Vaults:2)
  An elephant (Lair:6)
  An ice statue (IceCv)
  16 spiny frogs
  2 orange demons (Swamp:4)
  A gargoyle (D:12)
  A spiny frog (shapeshifter) (Vaults:3)
  A human zombie (Vaults:1)
  A yaktaur zombie (Vaults:1)
  A centaur skeleton (D:15)
  17 yaktaurs
  2 rime drakes
  A komodo dragon (shapeshifter) (Vaults:2)
  7 komodo dragons
  An efreet (D:14)
  4 freezing wraiths
  A redback zombie (D:14)
  2 tengu conjurers (D:15)
  A queen bee (D:15)
  2 ice devils (D:13)
  5 demonic crawlers
  5 trolls
  2 meliai (D:15)
  13 jumping spiders
  12 polar bears
  A meliai (shapeshifter) (Vaults:3)
  15 tyrant leeches
  25 hornets
  A hornet (shapeshifter) (Vaults:1)
  8 blink frogs
  6 dream sheep
  5 slime creatures
  6 bog bodies
  4 hippogriffs
  30 redbacks
  A spectral black mamba (Lair:2)
  5 shadows
  8 tarantellas
  16 spriggans
  A vampire (D:15)
  26 yaks
  5 wraiths
  7 wyverns
  2 fire elementals
  3 basilisks
  A basilisk (shapeshifter) (D:15)
  A hungry ghost (D:11)
  14 vampire mosquitoes
  A warg (Orc:1)
  An acid dragon (D:15)
  15 swamp worms
  A large abomination (Swamp:4)
  7 water moccasins
  2 hell hounds
  2 porcupines
  28 orc warriors
  6 swamp drakes
  6 black bears
  An ice beast (D:15)
  A necrophage (D:12)
  2 phantoms (D:12)
  26 wolves
  6 boggarts
  A black mamba simulacrum (Lair:2)
  13 ogres
  7 centaurs
  11 crocodiles
  A human skeleton (Vaults:2)
  2 bullfrogs
  24 killer bees
  4 scorpions
  A dream sheep simulacrum (Lair:2)
  5 wights
  2 crimson imps
  A komodo dragon simulacrum (Lair:2)
  3 hounds
  11 orc priests
  8 orc wizards
  2 worker ants (Lair:4)
  3 iguanas
  A shadow imp (D:15)
  5 worms
  23 orcs
  2 jackals (D:7)
  3 kobolds (D:14)
  2 fungi
  A plant (Lair:2)
842 creatures vanquished.

Vanquished Creatures (others)
  3 fire giants
  An ironheart preserver (Vaults:5)
  An ettin (Vaults:5)
  A yaktaur captain (Vaults:1)
  A vault guard (Vaults:5)
  A centaur warrior (Vaults:3)
  A deep troll (Vaults:3)
  An unseen horror (Vaults:1)
  A deep elf mage (Vaults:3)
  A vault sentinel (Vaults:5)
  5 yaktaurs
  A tyrant leech (Swamp:1)
  2 blink frogs (Swamp:3)
  A redback (Spider:4)
  A tarantella (Spider:4)
  A water moccasin (Lair:3)
  An orc wizard (D:10)
  3 fulminant prisms
  27 fungi
  14 plants
  2 withered plants (Vaults:2)
70 creatures vanquished.

Grand Total: 1720 creatures vanquished

Notes
Turn   | Place    | Note
-------+----------+-------------------------------------------
     0 | D:1      | Illumine the Gnoll Conjurer began the quest for the Orb.
     0 | D:1      | Reached XP level 1. HP: 13/13 MP: 6/6
   124 | D:1      | Reached XP level 2. HP: 19/19 MP: 1/7
   561 | D:1      | You fall into a shaft and drop 1 floor!
   561 | D:2      | Found an opulent altar of Gozag.
   667 | D:2      | Reached skill level 5 in Spellcasting
   667 | D:2      | Reached XP level 3. HP: 18/25 MP: 3/9
   671 | D:2      | Learned a level 2 spell: Searing Ray
   725 | D:2      | Learned a level 3 spell: Dazzling Spray
   915 | D:2      | Reached skill level 1 in Invocations
  1281 | D:2      | Reached skill level 1 in Fighting
  1281 | D:2      | Reached skill level 1 in Short Blades
  1281 | D:2      | Reached skill level 1 in Long Blades
  1281 | D:2      | Reached skill level 1 in Axes
  1281 | D:2      | Reached skill level 1 in Maces & Flails
  1281 | D:2      | Reached skill level 1 in Polearms
  1281 | D:2      | Reached skill level 1 in Staves
  1281 | D:2      | Reached skill level 1 in Slings
  1281 | D:2      | Reached skill level 1 in Bows
  1281 | D:2      | Reached skill level 1 in Crossbows
  1281 | D:2      | Reached skill level 1 in Throwing
  1281 | D:2      | Reached skill level 1 in Armour
  1281 | D:2      | Reached skill level 1 in Shields
  1281 | D:2      | Reached skill level 1 in Unarmed Combat
  1281 | D:2      | Reached skill level 1 in Evocations
  1352 | D:2      | Reached XP level 4. HP: 32/32 MP: 11/11
  1385 | D:2      | Learned a level 4 spell: Iskenderun's Mystic Blast
  1441 | D:2      | Found an ornate altar of the Wu Jian Council.
  1441 | D:2      | Found a hide-covered altar of Uskayaw.
  1545 | D:2      | Noticed Robin
  1548 | D:2      | Killed Robin
  1605 | D:3      | Noticed an orc warrior
  1655 | D:3      | Noticed a bullfrog
  1667 | D:3      | Killed a bullfrog
  1667 | D:3      | Reached skill level 1 in Hexes
  1667 | D:3      | Reached skill level 1 in Charms
  1667 | D:3      | Reached skill level 1 in Summonings
  1667 | D:3      | Reached skill level 1 in Necromancy
  1667 | D:3      | Reached skill level 1 in Translocations
  1667 | D:3      | Reached skill level 1 in Transmutations
  1667 | D:3      | Reached skill level 1 in Fire Magic
  1667 | D:3      | Reached skill level 1 in Ice Magic
  1667 | D:3      | Reached skill level 1 in Air Magic
  1667 | D:3      | Reached skill level 1 in Earth Magic
  1667 | D:3      | Reached skill level 1 in Poison Magic
  1667 | D:3      | Reached XP level 5. HP: 17/37 MP: 0/12
  1857 | D:3      | Noticed Natasha
  1864 | D:3      | Killed Natasha
  2144 | D:4      | Found a transporter.
  2163 | D:4      | Found a transporter.
  2459 | D:4      | Reached XP level 6. HP: 44/44 MP: 6/13
  2543 | D:4      | Found a shimmering altar of Xom.
  2543 | D:4      | Found a snail-covered altar of Cheibriados.
  2543 | D:4      | Found a shadowy altar of Dithmenos.
  3315 | D:5      | Entered Level 5 of the Dungeon
  3422 | D:5      | Reached skill level 5 in Dodging
  3597 | D:5      | Reached XP level 7. HP: 47/50 MP: 8/15
  3743 | D:5      | Found a staircase to the Ecumenical Temple.
  3748 | Temple   | Entered the Ecumenical Temple
  4358 | D:3      | Noticed Natasha
  4707 | D:3      | Noticed an air elemental
  4708 | D:3      | Found a stormy altar of Qazlal.
  4797 | D:3      | Noticed a water elemental
  4904 | D:3      | Killed Natasha
  4968 | D:3      | Noticed a fire elemental
  4975 | D:3      | Noticed Natasha
  4979 | D:3      | Killed Natasha
  4979 | D:3      | Reached skill level 5 in Stealth
  5032 | D:3      | Found a shattered altar of Ashenzari.
  5039 | D:3      | Became a worshipper of Ashenzari the Shackled
  5280 | D:6      | Reached XP level 8. HP: 52/57 MP: 6/16
  5701 | D:6      | Found a glowing silver altar of Zin.
  5841 | D:6      | Learned a level 2 spell: Call Imp
  5845 | D:6      | Learned a level 3 spell: Conjure Flame
  5849 | D:6      | Learned a level 3 spell: Mephitic Cloud
  5950 | D:6      | Found an ancient bone altar of Kikubaaqudgha.
  5951 | D:6      | Found a sacrificial altar of Ru.
  6317 | D:6      | Found a bloodstained altar of Trog.
  6856 | D:7      | Found Dutuill's Jewellery Shoppe.
  6970 | D:7      | Reached XP level 9. HP: 59/65 MP: 11/18
  7022 | D:7      | Noticed Menkaure
  8025 | D:7      | Killed Menkaure
  8141 | D:7      | Found a blossoming altar of Fedhas.
  8903 | D:8      | Reached skill level 5 in Invocations
  9362 | D:8      | Learned a level 2 spell: Blink
  9449 | D:8      | Reached XP level 10. HP: 73/73 MP: 13/20
  9765 | D:9      | Found Socsimn's Armour Shoppe.
  9933 | D:7      | Bought an uncursed amulet of the acrobat for 390 gold
                  | pieces
 10404 | D:9      | Reached skill level 5 in Fighting
 10404 | D:9      | Reached skill level 5 in Short Blades
 10404 | D:9      | Reached skill level 5 in Long Blades
 10404 | D:9      | Reached skill level 5 in Axes
 10404 | D:9      | Reached skill level 5 in Maces & Flails
 10404 | D:9      | Reached skill level 5 in Polearms
 10404 | D:9      | Reached skill level 5 in Staves
 10404 | D:9      | Reached skill level 5 in Slings
 10404 | D:9      | Reached skill level 5 in Bows
 10404 | D:9      | Reached skill level 5 in Crossbows
 10404 | D:9      | Reached skill level 5 in Throwing
 10404 | D:9      | Reached skill level 5 in Armour
 10404 | D:9      | Reached skill level 5 in Shields
 10404 | D:9      | Reached skill level 5 in Unarmed Combat
 10404 | D:9      | Reached skill level 5 in Evocations
 10962 | D:9      | Found a staircase to the Orcish Mines.
 11609 | D:10     | Entered Level 10 of the Dungeon
 12394 | D:10     | Identified the ring of the Duke {*Tele Str+5 SInv}
 12991 | D:10     | Reached * piety under Ashenzari
 13293 | D:10     | Noticed a manticore
 13309 | D:10     | Reached XP level 11. HP: 81/81 MP: 15/22
 13811 | D:10     | Killed a manticore
 15007 | D:11     | Found a staircase to the Lair.
 15018 | D:11     | Reached skill level 5 in Hexes
 15018 | D:11     | Reached skill level 5 in Charms
 15018 | D:11     | Reached skill level 5 in Summonings
 15018 | D:11     | Reached skill level 5 in Necromancy
 15018 | D:11     | Reached skill level 5 in Translocations
 15018 | D:11     | Reached skill level 5 in Transmutations
 15018 | D:11     | Reached skill level 5 in Fire Magic
 15018 | D:11     | Reached skill level 5 in Ice Magic
 15018 | D:11     | Reached skill level 5 in Air Magic
 15018 | D:11     | Reached skill level 5 in Earth Magic
 15018 | D:11     | Reached skill level 5 in Poison Magic
 15025 | Lair:1   | Entered Level 1 of the Lair of Beasts
 15025 | Lair:1   | Found a large runed translucent door.
 15025 | Lair:1   | Found a large runed translucent door.
 15247 | Lair:1   | Learned a level 4 spell: Summon Lightning Spire
 15977 | Lair:1   | Noticed Illumine's ghost (journeyman GnFi)
 16009 | Lair:2   | Reached ** piety under Ashenzari
 16223 | Lair:2   | Found a runed translucent gate.
 16223 | Lair:2   | Found a runed translucent gate.
 16223 | Lair:2   | Found a runed translucent gate.
 16225 | Lair:2   | Noticed Illumine's ghost (journeyman GnFi)
 16251 | Lair:2   | Noticed an oklob plant
 16254 | Lair:2   | Noticed an oklob plant
 16270 | Lair:2   | Killed an oklob plant
 16275 | Lair:2   | Killed an oklob plant
 16276 | Lair:2   | Noticed an oklob plant
 16276 | Lair:2   | Noticed an eight-headed hydra
 16283 | Lair:2   | Killed an eight-headed hydra
 16297 | Lair:2   | Killed an oklob plant
 16528 | Lair:2   | Identified the +4 falchion "Onizysy" {freeze, rElec rF+}
 16588 | Lair:2   | Noticed an eight-headed hydra
 16602 | Lair:2   | Killed an eight-headed hydra
 16766 | Lair:2   | Noticed a six-headed hydra
 16963 | Lair:3   | Reached XP level 12. HP: 89/89 MP: 19/24
 17011 | Lair:3   | Noticed a four-headed hydra
 17463 | Lair:2   | Noticed a four-headed hydra
 17474 | Lair:2   | Killed a four-headed hydra
 17624 | Lair:2   | Killed a six-headed hydra
 17746 | Lair:2   | Found a staircase to the Swamp.
 17880 | Lair:3   | Killed a four-headed hydra
 18448 | Lair:3   | Identified the +4 long sword "Mitaane" {flame, Str+4}
 19638 | Lair:4   | Noticed a catoblepas
 19647 | Lair:4   | Killed a catoblepas
 20008 | Lair:4   | Learned a level 5 spell: Venom Bolt
 20197 | Lair:4   | Found a hole to the Spider Nest.
 20371 | Lair:4   | Reached *** piety under Ashenzari
 21343 | Lair:5   | Noticed an eight-headed hydra
 21354 | Lair:5   | Killed an eight-headed hydra
 21359 | Lair:5   | Reached XP level 13. HP: 92/98 MP: 0/26
 21775 | Lair:5   | Identified the cursed +0 long sword "Killer Bee's Foe"
                  | {antimagic, +Rage}
 22114 | Lair:5   | Found an ornate altar of the Wu Jian Council.
 22532 | Lair:6   | Entered Level 6 of the Lair of Beasts
 23310 | Lair:6   | Found a runed translucent door.
 23315 | Lair:6   | Found a viscous altar of Jiyva.
 23316 | Lair:6   | Found a staircase to the Slime Pits.
 23316 | Lair:6   | Noticed an acid blob
 23316 | Lair:6   | Noticed an acid blob
 24595 | Lair:6   | Reached skill level 10 in Conjurations
 24832 | Lair:6   | Identified the +11 long sword of the Establishment {slice,
                  | rN+ MR+}
 25195 | Lair:6   | Found a runed translucent door.
 25195 | Lair:6   | Identified the +9 spear "Fotees" {flame, Int+4}
 25197 | Lair:6   | Noticed EDimP's ghost (journeyman SpFi)
 25620 | Lair:2   | Found a hazy altar of Hepliaklqana.
 26068 | Orc:1    | Entered Level 1 of the Orcish Mines
 26494 | Orc:1    | Found a bloodstained altar of Trog.
 26573 | Orc:2    | Entered Level 2 of the Orcish Mines
 26703 | Orc:2    | Noticed an orc warlord
 26920 | Orc:1    | Reached **** piety under Ashenzari
 27047 | Orc:1    | Found a shimmering blue altar of Sif Muna.
 27097 | Orc:1    | Identified Sif Muna's Grimoire of Hexes
 27328 | Orc:2    | Noticed Nessos
 27584 | Orc:2    | Noticed Rupert
 27593 | Orc:2    | Reached skill level 10 in Spellcasting
 27602 | Orc:2    | Found Suont's Jewellery Boutique.
 28088 | D:11     | Reached XP level 14. HP: 106/106 MP: 1/28
 28902 | D:11     | Noticed Harold
 28903 | D:11     | Noticed Sonja
 28913 | D:11     | Killed Harold
 28915 | D:11     | Killed Sonja
 29781 | D:12     | Reached skill level 10 in Dodging
 30639 | D:13     | Found a frozen archway.
 30649 | IceCv    | Entered an ice cave
 31202 | IceCv    | Noticed a frost giant
 31212 | IceCv    | Killed a frost giant
 31649 | D:13     | Reached skill level 10 in Stealth
 31771 | D:13     | Found a runed translucent door.
 31772 | D:13     | Found Piokaebo's Assorted Antiques.
 31791 | D:13     | Identified the +7 rapier of Prudence {pierce, rPois rC+++
                  | MR- Int-4}
 32056 | Spider:1 | Entered Level 1 of the Spider Nest
 32056 | Spider:1 | Noticed an emperor scorpion
 32056 | Spider:1 | Noticed a ghost moth
 32275 | Lair:1   | Killed Illumine's ghost
 32537 | Swamp:1  | Entered Level 1 of the Swamp
 32856 | Orc:2    | Found Kucussec's Antique Weapon Shop.
 32992 | Orc:2    | Killed an orc warlord
 33466 | Orc:2    | Reached skill level 10 in Invocations
 33952 | Orc:2    | Killed Nessos
 34074 | Orc:2    | Killed Rupert
 34394 | Orc:2    | Found Miatopaku's General Store.
 34406 | Orc:2    | Bought the ring of Hepatt {rPois rF+ rC+ Int+3} for 742
                  | gold pieces
 34476 | Orc:2    | Found Feawnu Yliyc's Antique Armour Shop.
 34484 | Orc:2    | Bought a faintly humming robe for 142 gold pieces
 34484 | Orc:2    | Identified the +1 robe of New Discoveries {rPois rN+ Int+4}
                  | (You bought it in a shop on level 2 of the Orcish Mines)
 34494 | Orc:2    | Found a roughly hewn altar of Beogh.
 34684 | Lair:2   | Identified the +2 robe "Voezxakh" {rPois MR+ Int+6 Slay-4}
 34755 | Lair:2   | Killed Illumine's ghost
 35042 | Lair:6   | Killed EDimP's ghost
 36235 | D:13     | Identified the +2 robe "Voezxakh" {rPois MR+ Int+6 Slay-4}
 36243 | D:13     | Learned a level 4 spell: Fulminant Prism
 36578 | D:13     | Reached ***** piety under Ashenzari
 36598 | D:13     | Reached XP level 15. HP: 114/114 MP: 22/29
 36635 | D:13     | Identified the +1 robe "Wujof" {rPois rC+ rCorr Dex-2
                  | Stlth+}
 40382 | Swamp:4  | Entered Level 4 of the Swamp
 41084 | Swamp:4  | Reached skill level 10 in Fighting
 41084 | Swamp:4  | Reached skill level 10 in Short Blades
 41084 | Swamp:4  | Reached skill level 10 in Long Blades
 41084 | Swamp:4  | Reached skill level 10 in Axes
 41084 | Swamp:4  | Reached skill level 10 in Maces & Flails
 41084 | Swamp:4  | Reached skill level 10 in Polearms
 41084 | Swamp:4  | Reached skill level 10 in Staves
 41084 | Swamp:4  | Reached skill level 10 in Slings
 41084 | Swamp:4  | Reached skill level 10 in Bows
 41084 | Swamp:4  | Reached skill level 10 in Crossbows
 41084 | Swamp:4  | Reached skill level 10 in Throwing
 41084 | Swamp:4  | Reached skill level 10 in Armour
 41084 | Swamp:4  | Reached skill level 10 in Shields
 41084 | Swamp:4  | Reached skill level 10 in Unarmed Combat
 41084 | Swamp:4  | Reached skill level 10 in Evocations
 41235 | Swamp:4  | Noticed a thorn hunter
 41265 | Swamp:4  | Killed a thorn hunter
 42325 | Swamp:4  | Noticed the 27-headed Lernaean hydra
 42332 | Swamp:4  | Noticed Donald
 43417 | Orc:2    | Found a staircase to the Elven Halls.
 43425 | Elf:1    | Entered Level 1 of the Elven Halls
 44047 | Elf:1    | Found a radiant altar of Vehumet.
 45707 | D:14     | Reached XP level 16. HP: 122/122 MP: 13/31
 46049 | D:14     | Found a gate to the Vaults.
 46654 | D:15     | Entered Level 15 of the Dungeon
 47463 | D:15     | Found a white marble altar of Elyvilon.
 48066 | D:15     | Found a runed translucent gate.
 48067 | D:15     | Found a runed translucent gate.
 48068 | D:15     | Found a runed translucent gate.
 48069 | D:15     | Found an opulent altar of Gozag.
 48070 | D:15     | Noticed Muggiqadd's ghost (journeyman SpEn)
 48730 | D:15     | Found a staircase to the Depths.
 51834 | Spider:2 | Reached ****** piety under Ashenzari
 51980 | Spider:3 | Found a transporter.
 51980 | Spider:3 | Noticed Arachne
 52336 | Spider:3 | Noticed Agnes
 52353 | Spider:2 | Killed Agnes
 53094 | Elf:1    | Reached XP level 17. HP: 110/131 MP: 17/33
 53108 | Elf:1    | Identified the cursed +1 whip of Arrival {drain, Int+5
                  | Dex-5}
 53305 | Elf:1    | Found a shimmering blue altar of Sif Muna.
 53742 | Elf:1    | Found Upeqin's Distillery.
 53883 | Elf:1    | Bought a potion of magic for 96 gold pieces
 56255 | Elf:2    | Found a runed translucent gate.
 56255 | Elf:2    | Found a runed translucent gate.
 56255 | Elf:2    | Found a runed translucent gate.
 56987 | Elf:3    | Entered Level 3 of the Elven Halls
 57262 | Elf:3    | Noticed a deep elf blademaster
 57276 | Elf:3    | Killed a deep elf blademaster
 57477 | Elf:3    | Noticed a deep elf master archer
 57497 | Elf:3    | Killed a deep elf master archer
 57772 | Elf:3    | Noticed a deep elf master archer
 57788 | Elf:3    | Killed a deep elf master archer
 58076 | Elf:3    | Identified the +7 dagger of Emok {pierce, Str+4}
 58083 | Elf:3    | Noticed an Ice Fiend
 58455 | Elf:3    | Noticed a Hell Sentinel
 58456 | Elf:3    | Noticed a Brimstone Fiend
 58622 | Elf:3    | Noticed a Hell Sentinel
 58743 | Elf:3    | Reached skill level 10 in Hexes
 58743 | Elf:3    | Reached skill level 10 in Charms
 58743 | Elf:3    | Reached skill level 10 in Summonings
 58743 | Elf:3    | Reached skill level 10 in Necromancy
 58743 | Elf:3    | Reached skill level 10 in Translocations
 58743 | Elf:3    | Reached skill level 10 in Transmutations
 58743 | Elf:3    | Reached skill level 10 in Fire Magic
 58743 | Elf:3    | Reached skill level 10 in Ice Magic
 58743 | Elf:3    | Reached skill level 10 in Air Magic
 58743 | Elf:3    | Reached skill level 10 in Earth Magic
 58743 | Elf:3    | Reached skill level 10 in Poison Magic
 58773 | Elf:3    | Identified the +6 dagger of the Purse {pierce, Int+7}
 59173 | Elf:3    | Learned a level 5 spell: Fireball
 59194 | Elf:3    | Got the uncursed helmet of Evolution {rN+ Str+3 Int-5}
 59564 | Elf:3    | Found Hykloen's Antique Weapon Shop.
 59567 | Elf:3    | Reached XP level 18. HP: 118/139 MP: 23/34
 59577 | Elf:3    | Noticed Aizul
 59583 | Elf:3    | Killed Aizul
 61864 | Swamp:4  | Killed Donald
 62484 | Swamp:4  | Got a decaying rune of Zot
 63312 | Spider:3 | Killed Arachne
 63473 | Spider:3 | Found a transporter.
 63477 | Spider:3 | Noticed endersaim's ghost (adept MfSk)
 63505 | Spider:3 | Identified 3 scrolls of acquirement
 63568 | Spider:3 | Noticed Azrael
 63578 | Spider:3 | Killed Azrael
 64560 | Spider:4 | Entered Level 4 of the Spider Nest
 67024 | Spider:4 | Got a gossamer rune of Zot
 67513 | Lair:2   | Identified Sif Muna's Grimoire of Creative Dislocation (You
                  | acquired it on level 2 of the Lair of Beasts)
 67523 | Lair:2   | Learned a level 5 spell: Lee's Rapid Deconstruction
 67767 | D:13     | Identified Nytush's Almanac of Creative Black Arts
 67900 | Lair:2   | Learned a level 6 spell: Freezing Cloud
 67907 | Lair:2   | Learned a level 6 spell: Invisibility
 68021 | Vaults:1 | Entered Level 1 of the Vaults
 68037 | Vaults:1 | Found a portal to a secret trove of treasure.
 68092 | Vaults:1 | Reached XP level 19. HP: 147/147 MP: 26/36
 70709 | Vaults:2 | Found Olulas's Food Shop.
 71030 | Vaults:2 | Found a runed translucent door.
 71030 | Vaults:2 | Noticed DizzySkin's ghost (veteran MiBe)
 71193 | Vaults:2 | Found a staircase to the Crypt.
 71205 | Vaults:2 | Noticed Sojobo
 71205 | Vaults:2 | Noticed Frederick
 72558 | Vaults:3 | Paralysed by an orc sorcerer for 5 turns
 72689 | Vaults:3 | Reached XP level 20. HP: 121/155 MP: 28/37
 74102 | Vaults:4 | Found Asonna's Book Shoppe.
 76121 | Vaults:4 | Bought a book of Enchantments for 850 gold pieces
 76121 | Vaults:4 | Bought a book of the Sky for 1105 gold pieces
 76336 | Lair:2   | Learned a level 8 spell: Discord
 76552 | Vaults:5 | Entered Level 5 of the Vaults
 76552 | Vaults:5 | Noticed a golden dragon
 76645 | Vaults:5 | Gained mutation: You have a pair of small antennae on your
                  | head. [mutagenic glow]
 76689 | Vaults:5 | Gained mutation: Your spells are a little easier to cast,
                  | but a little less powerful. [mutagenic glow]
 76704 | Vaults:5 | HP: 1/157 [quicksilver dragon/bolt of dispelling energy
                  | (42)]
 76712 | Vaults:5 | Mangled by a tengu reaver

Levels and vault maps discovered:
D:1:      dpeg_arrival_rooms_with_view, layout_rooms, corexii_corridor_pit
D:2:      layout_loops_ring, nicolae_gozag_seed_capital,
          gammafunk_temple_overflow_elements, uniq_robin
D:3:      layout_rooms, nicolae_qazlal_style_of_elements,
          nicolae_overflow_crystal_walls, uniq_natasha
D:4:      gammafunk_wand_slinger, layout_loops_ring,
          chequers_temple_overflow_statue_of_worship, minmay_misc_feat_enclosed
D:5:      layout_loops_ring, temple_doors_ab, first_ration
D:6:      layout_basic, nicolae_overflow_hidden_temple, lemuel_crystal_altar
D:7:      layout_rooms, lemuel_crystal_altar, serial_shops, shop_statue,
          uniq_menkaure
D:8:      layout_rooms
D:9:      layout_roguey, orc_0_dummy, serial_shops, nicolae_shop_statue_plus
D:10:     layout_roguey
D:11:     layout_gridville, minmay_lair_entry_grove, hangedman_pestilent_swarm,
          minmay_misc_feat_encased, uniq_sonja, uniq_harold
D:12:     layout_gridville, chequers_serial_rivers_room_a
D:13:     layout_gridville, serial_shops, shop_statue,
          portal_ice_cave_demonic_guard, minmay_crystal_box
D:14:     layout_cave_pools, erik_vaults_2, hangedman_decor_peaks_small
D:15:     grunt_enter_depths_magical_seal, layout_loops_ring,
          corexii_leaking_fountain, ebering_ghost_gozag, basic_altar,
          special_room [special_room_bee]
Temple:   compressed_dpeg_triangle_lava_temple
Lair:1:   layout_regular_city, ebering_ghost_disaster_area, beast_lair_carwin_2,
          serial_bayou_shore_b, serial_bayou_shore_a
Lair:2:   layout_roguey, palyth_hydra_swamp_entry, basic_altar,
          gammafunk_ghost_necromancy, st_stairs_8, grunt_megastairs_3,
          minmay_lair_oklob_chamber
Lair:3:   layout_cave_pods, infiniplex_staircase_pool, grunt_megastairs_5
Lair:4:   layout_loops_ring, nicolae_spider_entry_non_spiders,
          grunt_megastairs_2
Lair:5:   layout_regular_city, basic_altar, beast_lair_carwin_6
Lair:6:   minmay_lair_end_enchanted_forest, layout_hall_layers, slime_altar_2,
          ebering_ghost_funeral_grove, special_room [special_room_mythical_zoo]
Swamp:1:  layout_basic_swamp, evilmike_swamp_ruin_house_1, worms_lemuel
Swamp:2:  layout_basic_swamp, evilmike_swamp_ruin_house_5
Swamp:3:  layout_basic_swamp, nicolae_swamp_triple_paths, swamp_pool4
Swamp:4:  swamp_vile, layout_basic_swamp, uniq_donald
Spider:1: layout_spider_delve, hive_lemuel
Spider:2: layout_spider_delve
Spider:3: layout_spider_delve, gammafunk_ghost_berserking_beasts, uniq_arachne,
          uniq_azrael, uniq_agnes
Spider:4: spider_rune_water
Orc:1:    layout_caves, basic_altar, led_sif_book
Orc:2:    grunt_orc_gardens, layout_caves, grunt_orc_garden, grunt_orc_garden,
          grunt_orc_garden, grunt_orc_garden, basic_altar, uniq_nessos,
          uniq_rupert
Elf:1:    eino_elf_arrival_altar, layout_geoelf_diagonals, basic_altar,
          serial_shops, shop, hangedman_elven_crosses_minicolossus
Elf:2:    layout_onion_city, nrook_mini_backslash
Elf:3:    minmay_elf_hall_not_hex, layout_gridlike, serial_shops, shop,
          minivault_16, hangedman_elf_disciples, uniq_aizul
Vaults:1: v_alt_pattern_6, vaults_room_door_ring, special_room_vaults
          [special_room_orc], v_misc_5, hangedman_vaults_corner_blocks,
          nicolae_vaults_ring_of_whatevers, hangedman_vaults_variations,
          v_misc_10, hangedman_vaults_nails, nicolae_vaults_sealed_display,
          layout_vaults_maze_snakey, enter_trove_3
Vaults:2: gammafunk_vaults_ghost_grave, v_alt_pattern_4,
          minmay_crypt_entry_simple_corners, hangedman_vaults_trim,
          vaults_room_grunt_arrival_ludios, v_misc_2, vaults_dpeg_encased_lava,
          ontoclasm_vaults_shuriken, sword_in_stone, v_misc_24,
          ontoclasm_vaults_gateway, layout_vaults_omnicross, serial_shops, shop
Vaults:3: vaults_room_pools, nicolae_vaults_what_the_h,
          hangedman_vaults_river_flow, vaults_room_fours,
          hangedman_vaults_slither, st_squares, hangedman_vaults_unwind,
          hangedman_vaults_locks, vaults_room_pools, vaults_room_hallway,
          layout_vaults_ring
Vaults:4: v_pattern_4, nicolae_vaults_hallways_thing, vaults_dpeg_ring,
          hangedman_vaults_hard_town_square, grunt_vaults_focal,
          nicolae_vaults_theta, vaults_room_pool, serial_ice_m,
          vaults_standard_mumra_enter_the_diamond,
          nicolae_vaults_little_squares_3, ontoclasm_vaults_eye,
          layout_vaults_big_room, serial_shops, nicolae_shop_behind_doors
Vaults:5: serial_shops

Skill      XL: |  1  2  3  4  5  6  7  8  9 10 11 12 13 14 15 16 17 18 19 20 |
---------------+-------------------------------------------------------------+-----
Spellcasting   | 5 6 7 8 9 10 11 12 13 14 | 14.1
Invocations    | 1 2 3 4 5 6 7 8 9 10 11 12 13 14 | 14.4
Fighting       | 1 2 3 4 5 6 7 8 9 10 11 12 13 | 13.4
Short Blades   | 1 2 3 4 5 6 7 8 9 10 11 12 13 | 13.4
Long Blades    | 1 2 3 4 5 6 7 8 9 10 11 12 13 | 13.4
Axes           | 1 2 3 4 5 6 7 8 9 10 11 12 13 | 13.4
Maces & Flails | 1 2 3 4 5 6 7 8 9 10 11 12 13 | 13.4
Polearms       | 1 2 3 4 5 6 7 8 9 10 11 12 13 | 13.4
Staves         | 1 2 3 4 5 6 7 8 9 10 11 12 13 | 13.4
Slings         | 1 2 3 4 5 6 7 8 9 10 11 12 13 | 13.4
Bows           | 1 2 3 4 5 6 7 8 9 10 11 12 13 | 13.4
Crossbows      | 1 2 3 4 5 6 7 8 9 10 11 12 13 | 13.4
Throwing       | 1 2 3 4 5 6 7 8 9 10 11 12 13 | 13.4
Armour         | 1 2 3 4 5 6 7 8 9 10 11 12 13 | 13.4
Shields        | 1 2 3 4 5 6 7 8 9 10 11 12 13 | 13.4
Unarmed Combat | 1 2 3 4 5 6 7 8 9 10 11 12 13 | 13.4
Evocations     | 1 2 3 4 5 6 7 8 9 10 11 12 13 | 13.4
Hexes          | 1 2 3 4 5 6 7 8 9 10 11 | 11.5
Charms         | 1 2 3 4 5 6 7 8 9 10 11 | 11.5
Summonings     | 1 2 3 4 5 6 7 8 9 10 11 | 11.5
Necromancy     | 1 2 3 4 5 6 7 8 9 10 11 | 11.5
Translocations | 1 2 3 4 5 6 7 8 9 10 11 | 11.5
Transmutations | 1 2 3 4 5 6 7 8 9 10 11 | 11.5
Fire Magic     | 1 2 3 4 5 6 7 8 9 10 11 | 11.5
Ice Magic      | 1 2 3 4 5 6 7 8 9 10 11 | 11.5
Air Magic      | 1 2 3 4 5 6 7 8 9 10 11 | 11.5
Earth Magic    | 1 2 3 4 5 6 7 8 9 10 11 | 11.5
Poison Magic   | 1 2 3 4 5 6 7 8 9 10 11 | 11.5
Dodging        | 5 6 7 8 9 10 11 12 13 14 | 14.0
Stealth        | 5 6 7 8 9 10 11 12 13 | 13.9
Conjurations   | 8 9 10 11 12 13 | 13.2

Action                   |  1- 3 |  4- 6 |  7- 9 | 10-12 | 13-15 | 16-18 | 19-21 || total
-------------------------+-------+-------+-------+-------+-------+-------+-------++-------
Melee: Short sword       |    55 |    30 |    72 |       |       |       |       ||   157
       Bite              |     7 |     1 |    18 |     8 |    46 |    70 |    61 ||   211
       Punch             |     1 |       |     1 |       |       |       |       ||     2
       Dagger            |       |       |    21 |       |       |       |       ||    21
       Staff             |       |       |       |   102 |   241 |   272 |     3 ||   618
       Long sword        |       |       |       |       |       |   174 |   328 ||   502
Throw: Boomerang         |       |     2 |    13 |    17 |       |       |       ||    32
       Throwing net      |       |     1 |       |       |       |       |       ||     1
 Cast: Magic Dart        |    52 |    69 |   106 |   119 |    36 |    22 |       ||   404
       Searing Ray       |     2 |     6 |    21 |    23 |     2 |       |       ||    54
       Dazzling Spray    |       |     7 |    75 |   252 |   372 |   139 |       ||   845
       Iskenderun's Myst |       |     2 |     3 |     3 |    57 |   104 |       ||   169
       Call Imp          |       |       |    11 |    27 |       |       |       ||    38
       Mephitic Cloud    |       |       |     5 |     6 |    33 |     5 |     1 ||    50
       Conjure Flame     |       |       |     2 |    27 |    73 |   106 |    24 ||   232
       Summon Lightning  |       |       |       |    54 |   242 |   238 |    95 ||   629
       Venom Bolt        |       |       |       |     2 |    36 |    22 |       ||    60
       Blink             |       |       |       |       |    13 |     6 |       ||    19
       Fulminant Prism   |       |       |       |       |     2 |     1 |       ||     3
       Fireball          |       |       |       |       |       |   102 |       ||   102
       Lee's Rapid Decon |       |       |       |       |       |     2 |     6 ||     8
       Freezing Cloud    |       |       |       |       |       |     1 |    80 ||    81
       Invisibility      |       |       |       |       |       |       |     4 ||     4
       Discord           |       |       |       |       |       |       |     3 ||     3
Invok: Curse Item        |       |       |       |     2 |     4 |     1 |       ||     7
       Scrying           |       |       |       |       |       |     1 |     1 ||     2
Evoke: Wand              |       |       |     1 |     1 |     6 |     6 |     3 ||    17
       Lightning rod     |       |       |       |     2 |       |     4 |       ||     6
       Phantom mirror    |       |       |       |       |       |     1 |       ||     1
  Use: Scroll            |       |       |       |    18 |    17 |    20 |     8 ||    63
       Potion            |       |       |       |       |     4 |     5 |    10 ||    19
 Stab: Sleeping          |     1 |     3 |     2 |     1 |     1 |     3 |     2 ||    13
       Invisible         |       |       |     4 |     5 |     8 |     4 |     7 ||    28
       Confused          |       |       |     1 |       |     2 |     2 |     1 ||     6
       Distracted        |       |       |     1 |     2 |     4 |     6 |    19 ||    32
  Eat: Chunk             |     1 |     2 |     6 |    28 |    21 |    20 |    25 ||   103
       Ration            |       |     2 |     4 |     4 |    16 |    14 |     4 ||    44
Armor: Robe              |     7 |    16 |    57 |    69 |   118 |   134 |    31 ||   432
Dodge: Dodged            |    39 |    30 |   194 |   321 |   824 |   573 |   181 ||  2162
Block: Buckler           |       |       |       |    83 |   233 |       |       ||   316
       Shield            |       |       |       |       |   270 |   702 |   223 ||  1195
       Reflection        |       |       |       |       |       |     2 |    59 ||    61
       Rpst.: Long sword |       |       |       |       |       |    18 |    21 ||    39
